 Dungeon Crawl Stone Soup version 0.28-a0-94-g325244837d (webtiles) character file.

Game seed: 12979237237607681482

2280 vklrkl the Geomancer (level 9, 0/49 HPs)
             Began as a Gargoyle Earth Elementalist on Aug 7, 2021.
             Slain by an ice beast (13 damage)
             ... on level 6 of the Dungeon.
             The game lasted 00:19:28 (6146 turns).

vklrkl the Geomancer (Gargoyle Earth Elementalist)  Turns: 6146, Time: 00:19:28

Health: 0/49       AC: 12    Str: 13    XL:     9   Next: 39%
Magic:  11/18      EV: 12    Int: 18    God:
Gold:   318        SH:  0    Dex: 10    Spells: 16/20 levels left

rFire   + + .      SeeInvis .   e - +0 short sword
rCold   . . .      Faith    .   (no shield)
rNeg    + . .      Spirit   .   b - +0 robe
rPois   ∞          Reflect  .   i - +0 helmet
rElec   +          Harm     .   a - +1 cloak
rCorr   .          Rampage  .   (no gloves)
Will    .....                   g - +0 pair of boots
Stlth   ++........              n - amulet of magic regeneration
HPRegen 0.16/turn               f - ring of protection from fire
MPRegen 0.41/turn               m - ring of protection from fire

@: no status effects
A: sickness immunity, AC +6, negative energy resistance 1, electricity
resistance, torment resistance 1, petrification resistance
a: no special abilities


You were on level 6 of the Dungeon.
You visited 2 branches of the dungeon, and saw 8 of its levels.

You collected 318 gold pieces.

Inventory:

Hand Weapons
 e - a +0 short sword (weapon)
 y - a +1 flail of protection
Missiles
 c - 138 stones
 j - a throwing net
Armour
 a - a +1 cloak (worn)
 b - a +0 robe (worn)
 g - a +0 pair of boots (worn)
 i - a +0 helmet (worn)
Magical Staves
 h - a staff of fire
Jewellery
 f - a ring of protection from fire (left hand)
 m - a ring of protection from fire (right hand)
 n - an amulet of magic regeneration (around neck)
Wands
 s - a wand of flame (24)
 x - a wand of iceblast (7)
Scrolls
 k - a scroll of magic mapping
 u - a scroll of fear
 w - 2 scrolls of amnesia
 A - a scroll of teleportation
Potions
 d - 2 potions of attraction {unknown}
 l - a potion of heal wounds
 o - a potion of resistance
 p - a potion of haste {unknown}
 q - a potion of flight {unknown}
 r - a potion of curing {unknown}
 t - a potion of mutation {unknown}
 v - 2 potions of lignification {unknown}
 z - a potion of invisibility {unknown}


   Skills:
 + Level 2.4 Fighting
 + Level 2.3 Maces & Flails
 + Level 2.6 Armour
 + Level 2.6 Dodging
 - Level 2.1 Stealth
 + Level 6.0 Spellcasting
 + Level 6.3 Conjurations
 - Level 0.7 Transmutations
 + Level 8.4 Earth Magic
 + Level 1.9 Evocations


You had 16 spell levels left.
You knew the following spells:

 Your Spells              Type           Power      Damage    Failure   Level
a - Sandblast             Erth           72%        2d16      1%          1
b - Stone Arrow           Conj/Erth      64%        3d11      1%          3

Your spell library contained the following spells:

 Spells                   Type           Power      Damage    Failure   Level
 Passwall                 Tmut/Erth      18%        N/A       2%          2
 Foxfire                  Conj/Fire      64%        2x1d7     3%          1
 Beastly Appendage        Tmut           16%        N/A       9%          1
 Dazzling Flash           Conj/Hex       32%        N/A       10%         3
 Wereblood                Tmut           8%         N/A       14%         2
 Petrify                  Tmut/Erth      22%        N/A       19%         4
 Animate Armour           Summ/Erth      40%        N/A       21%         4
 Iskenderun's Battlesphe  Conj           28%        2d8       24%         5
 Spider Form              Tmut/Pois      3%         N/A       30%         3
 Ozocubu's Armour         Ice            5%         N/A       34%         3
 Iron Shot                Conj/Erth      16%        9d4       65%         6
 Metabolic Englaciation   Hex/Ice        2%         N/A       97%         5
 Shadow Creatures         Summ           N/A        N/A       100%        6
 Simulacrum               Ice/Necr       2%         N/A       100%        6
 Monstrous Menagerie      Summ           2%         N/A       100%        7


Dungeon Overview and Level Annotations

Branches:
Dungeon (7/15)             Temple (1/1) D:4

Altars:
Ashenzari
Cheibriados
Dithmenos
Elyvilon
Fedhas
Gozag
Hepliaklqana
Kikubaaqudgha
Nemelex Xobeh
Okawaru
Qazlal
Ru
Trog
Uskayaw
Wu Jian
Xom
Yredelemnul
Zin
The Shining One

Shops:
D:2 [!   D:5 *

Annotations:
D:3 Terence


Innate Abilities, Weirdness & Mutations

You are immune to sickness and miasma.
Your stone body is resilient. (AC +6)
You are immune to poison.
You resist negative energy. (rN+)
You are resistant to electric shocks. (rElec)
You are resistant to unholy torment.
You are immune to petrification.


Message History

The iguana misses you.
Unknown command.
Casting: Sandblast (safe; 1% risk of failure)
Confirm with . or Enter, or press ? or * to list all spells.
Aiming: Sandblast (safe; 1% risk of failure)
Press: ? - help, Shift-Dir - straight line, f/p - iguana
Aim: an iguana (heavily wounded, 84% to hit)
The blast of sand hits the iguana!
You kill the iguana!
The cyclops throws a large rock.
The large rock hits you!!
Unknown command.
The ice beast hits you. The ice beast freezes you!
You climb upwards.
There is a stone staircase leading down here.
Casting: Sandblast (safe; 1% risk of failure)
Confirm with . or Enter, or press ? or * to list all spells.
Aiming: Sandblast (safe; 1% risk of failure)
Press: ? - help, Shift-Dir - straight line, f - ice beast
Aim: an ice beast (82% to hit)
The blast of sand hits the ice beast!
The ice beast is moderately wounded.
The ice beast hits you but does no damage.
Unknown command.
Casting: Sandblast (safe; 1% risk of failure)
Confirm with . or Enter, or press ? or * to list all spells.
Aiming: Sandblast (safe; 1% risk of failure)
Press: ? - help, Shift-Dir - straight line, f/p - ice beast
Aim: an ice beast (moderately wounded, 82% to hit)
The blast of sand misses the ice beast.
The ice beast misses you.
Casting: Sandblast (safe; 1% risk of failure)
Confirm with . or Enter, or press ? or * to list all spells.
Aiming: Sandblast (safe; 1% risk of failure)
Press: ? - help, Shift-Dir - straight line, f/p - ice beast
Aim: an ice beast (moderately wounded, 82% to hit)
The blast of sand hits the ice beast!
The ice beast is severely wounded.
The ice beast hits you.
* * * LOW HITPOINT WARNING * * *
The ice beast freezes you!
You die...

#.......# ###......# #######
####.#### #...#### #...... #)#
#...# ###....## ####)### #...#
#....##.# # #......# #...#
#..#.###.
###....#.#######...######....###.
##........#.............#..#...#.
...............................=.
##........#.....@Y......#......##
###.......######...#########.###
###..###..### #...# #.#.##
#...........# #...# #..#.#
#.#..#....#.# #...# ##...#.
#.#.......#.# #...# #......
....##..#.#.# ##.## #.##.##
#...........#####.# #.##...
#.................# #.##...


You could see an ice beast.

Vanquished Creatures
  Grinder (D:4)
  Menkaure (D:5)
  2 water moccasins
  A black bear (D:5)
  2 sky beasts
  A necrophage (D:4)
  An ice beast (D:5)
  A phantom (D:4)
  3 bullfrogs (D:7)
  4 scorpions
  A water moccasin skeleton (D:5)
  2 howler monkeys (D:4)
  2 bullfrog skeletons (D:6)
  Crazy Yiuf (D:2)
  2 hounds (D:6)
  2 jellies
  2 orc priests (D:6)
  A gnoll shaman (D:7)
  6 iguanas
  2 orc wizards (D:6)
  2 howler monkey zombies
  4 gnolls
  7 adders
  2 white imps
  4 dart slugs
  6 orcs
  A ball python (D:1)
  2 endoplasms (D:2)
  A giant cockroach (D:4)
  9 goblins
  3 hobgoblins
  4 jackals (D:2)
  5 quokkas
  9 bats
  3 frilled lizards
  7 kobolds
  2 rats (D:1)
109 creatures vanquished.

Notes
Turn   | Place    | Note
-------+----------+-------------------------------------------
     0 | D:1      | vklrkl the Gargoyle Earth Elementalist began the quest for
                  | the Orb.
     0 | D:1      | Reached XP level 1. HP: 10/10 MP: 3/3
   375 | D:1      | Reached XP level 2. HP: 15/15 MP: 3/5
   381 | D:1      | Reached skill level 4 in Earth Magic
   928 | D:2      | Found a faded altar of an unknown god.
   944 | D:2      | Reached XP level 3. HP: 14/19 MP: 6/6
   945 | D:2      | Found Geudi's Distillery.
   974 | D:2      | Found Veonk's Antique Armour Shop.
   995 | D:2      | Learned a level 3 spell: Stone Arrow
  1581 | D:2      | Found a runed translucent door.
  1583 | D:2      | Noticed Crazy Yiuf
  1591 | D:2      | Killed Crazy Yiuf
  1592 | D:2      | Reached skill level 1 in Conjurations
  1592 | D:2      | Reached XP level 4. HP: 6/24 MP: 0/8
  2301 | D:3      | Found a glowing golden altar of the Shining One.
  2395 | D:3      | Noticed Terence
  2884 | D:4      | Noticed Grinder
  2915 | D:4      | Killed Grinder
  2916 | D:4      | Reached skill level 5 in Earth Magic
  2916 | D:4      | Reached XP level 5. HP: 20/28 MP: 4/10
  2916 | D:4      | Reached XP level 6. HP: 22/32 MP: 4/11
  3033 | D:4      | Found a staircase to the Ecumenical Temple.
  3046 | Temple   | Entered the Ecumenical Temple
  3107 | D:4      | Reached skill level 6 in Earth Magic
  3238 | D:4      | Noticed a necrophage
  3245 | D:4      | Killed a necrophage
  3246 | D:4      | Reached XP level 7. HP: 32/36 MP: 6/13
  3601 | D:5      | Entered Level 5 of the Dungeon
  3808 | D:5      | Reached skill level 7 in Earth Magic
  3815 | D:5      | Reached skill level 5 in Spellcasting
  3815 | D:5      | Reached XP level 8. HP: 22/41 MP: 1/15
  3837 | D:5      | Reached skill level 5 in Conjurations
  3984 | D:5      | Found an opulent altar of Gozag.
  3994 | D:5      | Noticed Menkaure
  4354 | D:5      | Found Gozag's Platinum Reserve.
  4380 | D:5      | Identified a scroll of acquirement
  4380 | D:5      | Acquired the Disquisition on Lethal Creation
  4520 | D:5      | Killed Menkaure
  4521 | D:5      | Reached skill level 1 in Armour
  4569 | D:5      | Reached skill level 8 in Earth Magic
  4650 | D:5      | Found a snail-covered altar of Cheibriados.
  4658 | D:5      | Found a hazy altar of Hepliaklqana.
  4659 | D:5      | Found a blossoming altar of Fedhas.
  4721 | D:5      | Found a sacrificial altar of Ru.
  4808 | D:5      | Reached skill level 1 in Fighting
  4808 | D:5      | Reached skill level 1 in Maces & Flails
  4851 | D:6      | Reached skill level 1 in Evocations
  5042 | D:6      | Reached XP level 9. HP: 46/47 MP: 13/17
  5480 | D:6      | Found a hide-covered altar of Uskayaw.
  5873 | D:6      | Found an iron altar of Okawaru.
  6129 | D:7      | Noticed a cyclops
  6146 | D:6      | Slain by an ice beast

Illustrated notes

Levels and vault maps discovered:
D:1:      dpeg_arrival_central, layout_basic, hex_medium, feat_on_display
D:2:      layout_basic, hellmonk_ecumenical_altar_pennies_from_heaven,
          serial_shops, nicolae_shop_statue_plus, shop, uniq_crazy_yiuf_cottage
D:3:      layout_loops_ring, tso_metal_star, minmay_misc_feat_plants,
          uniq_terence
D:4:      layout_cave_pools, minmay_temple_entry_gardened_gates, uniq_grinder
D:5:      layout_rooms, nicolae_gozag_zags_fifth_avenue,
          nicolae_ru_the_path_less_chosen,
          chequers_temple_overflow_statue_of_worship, uniq_menkaure
D:6:      layout_loops_cross, nicolae_uskayaw_murder_on_the_dancefloor,
          okawaru_altar_gauntlet_db
D:7:      layout_rooms, kennysheep_generic_room_14
Temple:   minmay_freezing_vapour_temple

Skill      XL: |  1  2  3  4  5  6  7  8  9 |
---------------+----------------------------+-----
Earth Magic    | 4 5 6 7 8 |  8.4
Spellcasting   | 3 4 5 6 |  6.0
Conjurations   | 1 3 4 6 |  6.3
Armour         | 1 2 |  2.6
Fighting       | 1 2 |  2.4
Maces & Flails | 1 2 |  2.3
Dodging        | 2 |  2.6
Evocations     | 1 |  1.9
Stealth        | |  2.1
Transmutations | |  0.7

Action                   |  1- 3 |  4- 6 |  7- 9 || total
-------------------------+-------+-------+-------++-------
Melee: Club              |    17 |       |       ||    17
       Unarmed           |     7 |       |       ||     7
       Short sword       |   115 |    49 |    88 ||   252
 Cast: Sandblast         |    12 |    23 |    71 ||   106
       Stone Arrow       |     1 |     1 |    45 ||    47
Evoke: Wand              |       |       |     1 ||     1
  Use: Scroll            |     2 |     4 |     5 ||    11
       Potion            |     1 |       |       ||     1
 Stab: Sleeping          |     2 |     1 |     2 ||     5
Armor: Robe              |    63 |    26 |    87 ||   176
Dodge: Dodged            |   107 |    42 |   102 ||   251

Table legend: (Time is in decaauts)
 A = Elapsed time spent in this place.
 B = Non-inter-level travel time spent in this place.
 C = Inter-level travel time spent in this place.
 D = Time resting spent in this place.
 E = Time spent auto-exploring this place.
 F = Levels seen in this place.
 G = Mean time per level.
                   A        B        C        D        E       F      G
               +--------+--------+--------+--------+--------+-----+--------+
         Total |   6177 |   6045 |    132 |    489 |   4404 |   8 |  772.1 |
       Dungeon |   6175 |   6043 |    132 |    489 |   4404 |   7 |  882.1 |
        Temple |      1 |      1 |      0 |      0 |      0 |   1 |    1.0 |
               +--------+--------+--------+--------+--------+-----+--------+

Top non-repeatable levels by time:
     D:6: 1219 daAuts
     D:4: 1116 daAuts
     D:2: 1077 daAuts
     D:1: 934 daAuts
     D:5: 913 daAuts
     D:3: 820 daAuts
     D:7: 94 daAuts
  Temple: 1 daAuts
